AoeStats
← Blyad _Mann

Arena

507568817Analyzed
4v4 RM · 13d ago on Sep 18, 2026· 50m 30s· 8 players
Game mode
Random Map
Map size
Large (8 player)
Population
200
Speed
Normal
Resources
Standard
Victory
Conquest
Starting age
Dark Age
Ending age
Imperial Age
RankedLock teamsTeams togetherTeam positionsShared explorationLock speedFull tech treeHidden civsTurbo modeCheats
Victory
Defeat
🇬🇧 Japanese · United Kingdom
1127
+12
🇹🇷 Lithuanians · Türkiye
1077
+14
🇰🇿 Burmese · Kazakhstan
1045
+15
🇫🇷 Chinese · France
1020
+16
🇨🇱 Berbers · Chile
1077
-16
🇩🇪 Lithuanians · Germany
1034
-14
🇩🇪 Britons · Germany
1018
-14
🇳🇱 Teutons · Netherlands
1005
-13
JinXss
1:22 Loom
11:05 Feudal Age
11:32 Double-Bit Axe
11:31 Horse Collar
15:08 Wheelbarrow
18:21 Castle Age
19:32 Bow Saw
19:26 Heavy Plow
19:57 Hand Cart
22:13 Stone Mining
24:07 Gold Mining
32:11 Imperial Age
30:08 Fortified Wall
29:46 Arson
30:01 Squires
29:47 Gambesons
30:26 Scale Mail Armor
30:46 Forging
31:44 Chain Mail Armor
32:13 Gold Shaft Mining
32:13 Elite Samurai
33:23 Conscription
34:15 Iron Casting
34:10 Plate Mail Armor
36:15 Blast Furnace
49:10 Town Watch
50:21 Town Patrol
Kyōshirō Tōdō
0:32 Loom
12:23 Feudal Age
13:01 Double-Bit Axe
12:59 Horse Collar
17:55 Castle Age
22:49 Bow Saw
25:16 Heavy Plow
31:00 Imperial Age
28:42 Stone Mining
28:45 Gold Mining
30:26 Wheelbarrow
29:39 Town Watch
29:58 Padded Archer Armor
29:48 Fletching
30:10 Forging
30:45 Ballistics
31:07 Leather Archer Armor
31:20 Bodkin Arrow
31:48 Squires
31:08 Pikeman
32:54 Iron Casting
32:20 Scale Mail Armor
32:20 Murder Holes
32:37 Fortified Wall
33:06 Gold Shaft Mining
33:06 Hand Cart
32:54 Town Patrol
33:32 Conscription
34:21 Two-Man Saw
34:18 Ring Archer Armor
34:16 Bracer
35:47 Blast Furnace
34:35 Halberdier
35:01 Arson
35:45 Chain Mail Armor
35:19 Arrowslits
36:56 Elite Chu Ko Nu
38:46 Stone Shaft Mining
38:44 Rocketry
41:13 Plate Mail Armor
42:56 Great Wall
46:56 Chemistry
46:07 Masonry
47:40 Great Wall
48:06 Bombard Tower
8ibir
12:16 Feudal Age
12:28 Loom
15:41 Castle Age
13:42 Stone Mining
14:52 Horse Collar
15:17 Gold Mining
17:10 Wheelbarrow
17:30 Gold Shaft Mining
18:46 Padded Archer Armor
23:22 Fletching
24:23 Ballistics
27:44 Manipur Cavalry
29:10 Hand Cart
30:24 Fortified Wall
32:56 Imperial Age
35:31 Heavy Plow
36:01 Conscription
36:01 Forging
35:57 Scale Barding Armor
36:04 Howdah
36:07 Bodkin Arrow
36:21 Husbandry
36:31 Bloodlines
38:53 Iron Casting
39:43 Chain Barding Armor
42:03 Light Cavalry
44:19 Hussar
KODZHA
10:57 Feudal Age
15:02 Castle Age
13:27 Double-Bit Axe
13:23 Horse Collar
18:29 Bow Saw
21:08 Gold Mining
22:40 Heavy Plow
28:19 Imperial Age
25:37 Loom
26:29 Wheelbarrow
26:34 Town Watch
26:49 Stone Mining
27:49 Hand Cart
28:14 Town Patrol
28:35 Scale Barding Armor
28:41 Forging
28:44 Bloodlines
28:34 Husbandry
29:30 Stone Shaft Mining
30:40 Two-Man Saw
30:16 Crop Rotation
29:57 Cavalier
30:59 Chain Barding Armor
31:19 Iron Casting
32:41 Plate Barding Armor
31:57 Fletching
33:14 Chemistry
32:35 Fortified Wall
33:36 Light Cavalry
35:44 Conscription
35:21 Crossbowman
35:24 Elite Skirmisher
36:32 Thumb Ring
36:23 Bodkin Arrow
36:48 Crossbowman
37:00 Paladin
38:11 Bracer
39:21 Padded Archer Armor
40:47 Ballistics
40:10 Winged Hussar
43:20 Leather Archer Armor
43:05 Scale Mail Armor
43:46 Hill Forts
43:47 Tower Shields
45:36 Murder Holes
45:51 Masonry
45:22 Treadmill Crane
45:32 Heated Shot
48:37 Elite Leitis
49:53 Hoardings
Blyad _Mann
0:33 Loom
12:07 Feudal Age
13:59 Horse Collar
16:32 Castle Age
14:59 Double-Bit Axe
16:29 Gold Mining
16:32 Stone Mining
18:04 Wheelbarrow
19:06 Bow Saw
22:33 Stone Shaft Mining
25:57 Heavy Plow
29:38 Imperial Age
27:59 Scale Mail Armor
28:09 Forging
27:50 Fletching
28:57 Hand Cart
29:09 Chain Mail Armor
30:21 Iron Casting
30:30 Guilds
31:23 Two-Man Saw
30:55 Crop Rotation
29:56 Man-at-Arms
30:41 Pikeman
31:21 Bodkin Arrow
32:07 Squires
31:36 Long Swordsman
32:16 Halberdier
32:43 Gambesons
33:48 Two-Handed Swordsman
35:26 Conscription
34:49 Elite Teutonic Knight
36:26 Champion
39:22 Blast Furnace
38:52 Plate Mail Armor
38:58 Plate Mail Armor
40:30 Heavy Scorpion
Carbenok
10:37 Feudal Age
14:37 Castle Age
13:17 Double-Bit Axe
13:14 Horse Collar
14:57 Stone Mining
22:25 Fletching
24:19 Wheelbarrow
26:56 Bodkin Arrow
27:51 Padded Archer Armor
36:36 Imperial Age
34:47 Leather Archer Armor
35:45 Hand Cart
36:10 Ballistics
36:24 Gold Mining
38:01 Bow Saw
40:55 Yeomen
41:39 Fortified Wall
41:40 Masonry
42:26 Pikeman
43:06 Loom
43:48 Conscription
44:58 Architecture
44:34 Bracer
46:18 Ring Archer Armor
45:43 Elite Skirmisher
50:12 Caravan
50:22 Guilds
zsyper
4:05 Loom
11:06 Feudal Age
12:04 Double-Bit Axe
12:08 Horse Collar
14:53 Gold Mining
14:54 Stone Mining
18:57 Castle Age
17:59 Gold Mining
19:08 Stone Mining
19:53 Bow Saw
20:06 Heavy Plow
21:04 Wheelbarrow
24:29 Hand Cart
27:02 Gold Shaft Mining
27:35 Town Watch
29:16 Ballistics
31:53 Imperial Age
29:45 Padded Archer Armor
29:36 Fletching
31:15 Masonry
31:02 Bodkin Arrow
31:22 Leather Archer Armor
32:34 Stone Shaft Mining
32:33 Town Patrol
32:05 Elite Camel Archer
32:51 Heavy Camel Rider
33:44 Bloodlines
34:02 Husbandry
34:12 Bracer
34:18 Scale Barding Armor
34:23 Forging
34:58 Crop Rotation
35:43 Siege Engineers
35:19 Treadmill Crane
37:07 Iron Casting
40:40 Chain Barding Armor
41:21 Blast Furnace
44:08 Pikeman
45:00 Squires
45:02 Scale Mail Armor
45:33 Ring Archer Armor
44:59 Light Cavalry
46:45 Chain Mail Armor
46:05 Light Cavalry
Kailer
11:24 Feudal Age
15:29 Castle Age
14:00 Double-Bit Axe
14:36 Horse Collar
22:26 Wheelbarrow
23:02 Sanctity
23:05 Bloodlines
22:55 Husbandry
23:07 Forging
23:23 Gold Mining
23:35 Loom
24:45 Husbandry
25:17 Scale Barding Armor
28:14 Iron Casting
28:28 Chain Barding Armor
30:13 Fletching
30:48 Hand Cart
30:18 Town Watch
35:29 Town Patrol
41:14 Imperial Age
41:42 Light Cavalry
43:02 Plate Barding Armor
42:18 Fletching
42:31 Padded Archer Armor
43:32 Ballistics
44:12 Chemistry
46:03 Leather Archer Armor
45:44 Bodkin Arrow
45:36 Elite Skirmisher
46:10 Winged Hussar
47:14 Bow Saw
Connection lost

Rejoining the realm…

Still unreachable

The connection could not be restored.

Session expired

The server has moved on; the page needs a fresh start.